 Dungeon Crawl Stone Soup version 0.30-a0-722-g3e6e8c874d (webtiles) character file.

Game seed: 15673227238758996924

777 sircluck the Covered (level 7, -1/60 HPs)
             Began as a Minotaur Fighter on Jan 27, 2023.
             Succumbed to a water moccasin's poison
             ... on level 5 of the Dungeon.
             The game lasted 00:17:24 (4060 turns).

sircluck the Covered (Minotaur Fighter)             Turns: 4060, Time: 00:17:24

Health: -1/60      AC:  9    Str: 22    XL:     7   Next: 54%
Magic:  6/6        EV: 10    Int:  5    God:
Gold:   108        SH:  7    Dex: 10    Spells: 5/6 levels left

rFire   . . .      SeeInvis .    a - +0 long sword
rCold   . . .      Faith    .    k - +2 buckler of the Wonderful God {Will+ Regen+}
rNeg    . . .      Spirit   .    b - +2 scale mail
rPois   .          Reflect  .    (helmet restricted)
rElec   .          Harm     .    (no cloak)
rCorr   .          Rampage  .    (no gloves)
Will    +....                    (no boots) Stlth
                                 (no amulet)
HPRegen 1.10/turn                (no ring)
MPRegen 0.10/turn                (no ring)

@: lethally poisoned (-1 -> -11)
A: horns 2, retaliatory headbutt
a: no special abilities


You were on level 5 of the Dungeon.
You visited 1 branch of the dungeon, and saw 5 of its levels.

You collected 273 gold pieces.
You spent 165 gold pieces at shops.

Inventory:

Hand Weapons
 a - a +0 long sword (weapon)
 o - a +0 spear
 u - a +0 long sword
 v - a +0 mace of protection
 w - a +0 arbalest
Missiles
 i - 12 javelins (quivered)
 m - 48 stones
 y - 18 poisoned darts
Armour
 b - a +2 scale mail (worn)
 c - a +0 buckler
 k - the +2 buckler of the Wonderful God (worn) {Will+ Regen+}
   (You acquired it on level 2 of the Dungeon)

   Regen:     It increases your rate of health regeneration.
   Will:      It increases your willpower.
Magical Staves
 h - a staff of fire
 t - a staff of conjuration
Jewellery
 r - an amulet of faith
 A - a ring of see invisible
Scrolls
 e - a scroll of silence {unknown}
 f - 7 scrolls of identify
 l - a scroll of torment {unknown}
 n - 3 scrolls of teleportation {unknown}
 x - 2 scrolls of enchant weapon {unknown}
 B - a scroll of fog
 D - a scroll of blinking {unknown}
Potions
 d - a potion of might
 g - a potion of brilliance {unknown}
 j - 6 potions of mutation
 p - a potion of ambrosia {unknown}
 q - 2 potions of cancellation {unknown}
 s - a potion of resistance {unknown}
 z - a potion of heal wounds {unknown}
 C - 2 potions of lignification {unknown}
 E - a potion of magic {unknown}
 F - a potion of attraction {unknown}


   Skills:
 + Level 4.5 Fighting
 + Level 5.7 Long Blades
 + Level 0.2 Throwing
 + Level 7.0 Armour
 + Level 2.4 Dodging
 + Level 1.1 Stealth
 + Level 5.4 Shields


You had 5 spell levels left.
You knew the following spells:

 Your Spells              Type           Power      Damage    Failure   Level
a - Magic Dart            Conj           0%         1d3       86%         1

Your spell library contained the following spells:

 Spells                   Type           Power      Damage    Failure   Level
 Kiss of Death            Conj/Necr      0%         2d5       86%         1
 Slow                     Hex            0%         N/A       86%         1
 Call Imp                 Summ           0%         N/A       94%         2
 Static Discharge         Conj/Air       0%         2-2/arc   94%         2
 Confusing Touch          Hex            0%         N/A       99%         3
 Mephitic Cloud           Conj/Pois/Air  0%         N/A       99%         3
 Vampiric Draining        Necr           0%         2d6       99%         3
 Vhi's Electric Charge    Tloc/Air       0%         N/A       99%         3
 Dispel Undead            Necr           0%         3d6       100%        4
 Alistair's Intoxication  Tmut/Pois      0%         N/A       100%        5
 Arcjolt                  Conj/Air       0%         1d10      100%        5
 Borgnjor's Vile Clutch   Necr/Erth      0%         N/A       100%        5
 Lightning Bolt           Conj/Air       0%         1d11      100%        5
 Eringya's Noxious Bog    Tmut/Pois      0%         N/A       100%        6


Dungeon Overview and Level Annotations

Branches:
Dungeon (5/15)             Temple (0/1) D:5

Altars:
Vehumet

Shops:
D:4 ?


Innate Abilities, Weirdness & Mutations

You have a pair of horns on your head.
You reflexively headbutt those who attack you in melee.


Message History

The water moccasin bites you. x2
You are poisoned.
The water moccasin poisons you!
You barely miss the water moccasin.
Your headbutt misses the water moccasin.
The water moccasin is severely wounded.
You feel very sick. You block the water moccasin's attack.
You hit the water moccasin.
The water moccasin is severely wounded.
You feel very sick. The water moccasin bites you. x2
You are more poisoned.
The water moccasin poisons you!
You closely miss the water moccasin.
The water moccasin is severely wounded.
You feel very sick. The water moccasin bites you.
You are more poisoned.
The water moccasin poisons you! You block the water moccasin's attack.
You barely miss the water moccasin.
The water moccasin is severely wounded.
You feel extremely sick. The water moccasin bites you.
You miss the water moccasin.
Your headbutt misses the water moccasin.
The water moccasin is severely wounded.
You feel very sick. You block the water moccasin's attack.
The water moccasin bites you.
* * * LOW HITPOINT WARNING * * *
You are lethally poisoned!
The water moccasin poisons you!
You slash the water moccasin!
You kill the water moccasin!
* * * LOW HITPOINT WARNING * * *
You feel extremely sick.
Your Armour skill increases to level 7!
* * * LOW HITPOINT WARNING * * *
You feel very sick.
You die...

....###....# ###.#
#........### ###
#...##...# ##.##
#. ..#####.##
....#...
........#####.....
#...#.#....##..#
#. #####.....#
#.....#####
#......@..#
#.###........#
....#....#...##
#.......###.....#
#......### ..###
......... ###
...#.###... .....
#....


There were no monsters in sight!

Vanquished Creatures
  A water moccasin (D:5)
  A kobold brigand (D:4)
  3 scorpions (D:4)
  2 orc priests (D:5)
  A jelly (D:5)
  5 iguanas
  4 gnolls (D:4)
  8 adders
  A worm (D:4)
  3 dart slugs
  4 orcs
  3 bats
  9 endoplasms
  2 giant cockroaches (D:1)
  7 goblins
  8 hobgoblins
  2 jackals (D:1)
  6 quokkas
  13 ball pythons
  6 frilled lizards
  5 kobolds
  6 rats
  A butterfly (D:5)
101 creatures vanquished.

Notes
Turn   | Place    | Note
-------+----------+-------------------------------------------
     0 | D:1      | sircluck the Minotaur Fighter began the quest for the Orb.
     0 | D:1      | Reached XP level 1. HP: 19/19 MP: 0/0
   211 | D:1      | Reached XP level 2. HP: 27/27 MP: 1/1
   361 | D:1      | Reached skill level 4 in Armour
  1226 | D:2      | Reached skill level 1 in Dodging
  1226 | D:2      | Reached XP level 3. HP: 33/33 MP: 2/2
  1302 | D:2      | Identified a scroll of acquirement
  1302 | D:2      | Acquired the +2 buckler of the Wonderful God {Will+ Regen+}
  2015 | D:2      | Reached XP level 4. HP: 40/40 MP: 3/3
  2592 | D:4      | Found Yqorghoa's Magic Scroll Emporium.
  2595 | D:4      | Bought a scroll of enchant armour for 75 gold pieces
  2595 | D:4      | Bought a scroll of fog for 40 gold pieces
  2595 | D:4      | Bought a scroll of identify for 20 gold pieces
  2595 | D:4      | Bought a scroll of identify for 20 gold pieces
  2595 | D:4      | Bought a scroll of noise for 10 gold pieces
  2595 | D:4      | Noticed a scorpion
  2599 | D:4      | Killed a scorpion
  2600 | D:4      | Reached XP level 5. HP: 46/46 MP: 4/4
  2623 | D:4      | Reached skill level 5 in Armour
  3098 | D:4      | Found a radiant altar of Vehumet.
  3105 | D:4      | Reached XP level 6. HP: 52/52 MP: 5/5
  3194 | D:4      | Learned a level 1 spell: Magic Dart
  3416 | D:4      | Reached skill level 5 in Long Blades
  3571 | D:4      | Reached skill level 1 in Stealth
  3804 | D:4      | Reached skill level 6 in Armour
  3804 | D:4      | Reached skill level 5 in Shields
  3804 | D:4      | Reached XP level 7. HP: 42/60 MP: 6/6
  3875 | D:5      | Entered Level 5 of the Dungeon
  3875 | D:5      | Found a staircase to the Ecumenical Temple.
  4059 | D:5      | Reached skill level 7 in Armour
  4059 | D:5      | HP: 2/60 [poisoned by a water moccasin]
  4060 | D:5      | Succumbed to a water moccasin's poison

Illustrated notes

Levels and vault maps discovered:
D:1:      zelgadis_glass_arrival_small, layout_loops_cross
D:2:      layout_basic, minmay_quadrilaterals
D:3:      layout_basic
D:4:      layout_basic, nicolae_vehumet_radiance, serial_shops,
          nicolae_stop_n_shop_2, nzn_random_ring
D:5:      layout_cave_pools, minmay_temple_entry_butterflies, serial_shops, shop

Skill      XL: |  1  2  3  4  5  6  7 |
---------------+----------------------+-----
Shields        | 4 5 |  5.4
Armour         | 4 5 6 7 |  7.0
Dodging        | 1 2 |  2.4
Long Blades    | 3 4 5 |  5.7
Fighting       | 4 |  4.5
Stealth        | 1 |  1.1
Throwing       | |  0.2

Action                     |  1- 3 |  4- 6 |  7- 9 || total
---------------------------+-------+-------+-------++-------
  Melee: Long sword        |    95 |   134 |    38 ||   267
         Headbutt          |    11 |    20 |     5 ||    36
  Throw: Javelin           |       |     3 |       ||     3
    Use: Scroll            |     2 |     3 |       ||     5
 Armour: Scale mail        |    73 |    80 |    11 ||   164
  Dodge: Dodged            |    53 |    70 |    23 ||   146
  Block: Buckler           |    40 |    59 |    17 ||   116

Table legend: (Time is in decaauts)
 A = Elapsed time spent in this place.
 B = Non-inter-level travel time spent in this place.
 C = Inter-level travel time spent in this place.
 D = Time resting spent in this place.
 E = Time spent auto-exploring this place.
 F = Levels seen in this place.
 G = Mean time per level.
                   A        B        C        D        E       F      G
               +--------+--------+--------+--------+--------+-----+--------+
         Total |   4129 |   3996 |    133 |      0 |    374 |   5 |  825.8 |
       Dungeon |   4129 |   3996 |    133 |      0 |    374 |   5 |  825.8 |
               +--------+--------+--------+--------+--------+-----+--------+

Top non-repeatable levels by time:
     D:4: 1313 daAuts
     D:1: 1097 daAuts
     D:2: 1041 daAuts
     D:3: 488 daAuts
     D:5: 189 daAuts
